 Dungeon Crawl Stone Soup version 0.31.0-2-g5a2aebc5c2 (webtiles) character file.

Game seed: 17943164090372796554

294 wildpjah the Caller (level 6, -3/41 (42) HPs)
             Began as a Merfolk Summoner on Jan 21, 2024.
             Slain by a mummy (12 damage)
             ... in an ossuary.
             The game lasted 00:11:14 (4000 turns).

wildpjah the Caller (Merfolk Summoner)              Turns: 4000, Time: 00:11:14

HP:   -3/41 (42)    AC:  5    Str:  9    XL:     6   Next: 33%
MP:   7/11          EV: 13    Int: 16    God:
Gold: 203           SH:  0    Dex: 14    Spells: 9/12 levels left

rFire   . . .        n - +0 spear
rCold   . . .        (no shield)
rNeg    . . .        a - +0 robe
rPois   .            p - +0 helmet
rElec   .            t - +0 cloak
rCorr   .            (no gloves)
SInv    .            m - +0 pair of boots
Will    .....        (no amulet)
Stlth   ++           (no ring)
HPRegen 0.26/turn    (no ring)
MPRegen 0.12/turn

%: no passive effects
@: brilliant, marked, lightly drained
A: (nimble swimmer 2), mertail
a: no special abilities


You were in an ossuary.
You visited 1 branch of the dungeon, and saw 4 of its levels.
You also visited: Ossuary.

You collected 203 gold pieces.

Inventory:

Hand Weapons
 j - a +0 short sword
 n - a +0 spear (weapon)
Missiles
 c - a throwing net
 d - 6 curare-tipped darts
 f - 5 poisoned darts
Armour
 a - a +0 robe (worn)
 m - a +0 pair of boots (worn)
 p - a +0 helmet (worn)
 t - a +0 cloak (worn)
Wands
 u - a wand of flame (14)
Scrolls
 g - a scroll of poison
 h - 5 scrolls of noise
 i - a scroll of brand weapon {unknown}
 k - 3 scrolls of identify
 q - 3 scrolls of immolation
 r - a scroll of fog {unknown}
Potions
 b - 2 potions of magic
 e - 3 potions of resistance
 l - 4 potions of curing
 s - a potion of mutation
 v - a potion of berserk rage {unknown}


   Skills:
 + Level 0.5 Fighting
 + Level 2.5 Polearms
 + Level 3.3 Dodging
 + Level 2.7 Stealth
 + Level 3.6 Spellcasting
 + Level 5.7 Summonings


You had 9 spell levels left.
You knew the following spells:

 Your Spells              Type           Power      Damage    Failure   Level
a - Summon Small Mammal   Summ           100%       N/A       1%          1
b - Call Imp              Summ           62%        N/A       2%          2

Your spell library contained the following spells:

 Spells                   Type           Power      Damage    Failure   Level
 Call Canine Familiar     Summ           31%        N/A       4%          3
 Magic Dart               Conj           16%        1d3       19%         1
 Blink                    Tloc           8%         N/A       26%         2
 Summon Blazeheart Golem  Fire/Summ      18%        N/A       47%         4
 Summon Lightning Spire   Summ/Air       18%        N/A       47%         4


Dungeon Overview and Level Annotations

Branches:
Dungeon (4/15)            Ossuary (1/1)
 Temple: D:4-7

Altars:
Ashenzari
Cheibriados


Innate Abilities, Weirdness & Mutations

((You are very nimble when in or above water. (Stealth+, EV+, Speed+++)))
Your lower body shifts to a powerful aquatic tail in water.


Message History

The orc zombie hits you but does no damage.
Your cerulean imp hits the weeping skull but does no damage.
Your quokka bites the orc zombie.
Your quokka barely misses the mummy.
You hit the weeping skull but do no damage.
The weeping skull is heavily damaged.
Your quokka barely misses the orc zombie.
Your quokka bites the mummy.
The orc zombie hits you but does no damage.
The weeping skull touches you.
You feel drained.
Your cerulean imp hits the weeping skull but does no damage.
The orc zombie misses you. The mummy hits you but does no damage.
You hit the weeping skull but do no damage.
The weeping skull is heavily damaged.
Your quokka bites the orc zombie.
The orc zombie is destroyed!
Your quokka bites the weeping skull but does no damage.
The weeping skull misses you.
Your cerulean imp hits the weeping skull with a -2 spear.
You hit the weeping skull.
The weeping skull is heavily damaged.
Your quokka bites the weeping skull but does no damage.
The orc zombie closely misses you. Something hits your quokka!!
Your quokka dies!
Your quokka's corpse disappears in a puff of smoke!
The mummy hits your quokka!
Your quokka dies!
Your quokka's corpse disappears in a puff of smoke!
Your cerulean imp hits the weeping skull with a -2 spear.
The weeping skull touches you.
You hit the weeping skull but do no damage.
The weeping skull is heavily damaged.
The orc zombie hits you but does no damage.
The weeping skull touches you.
* * * LOW HITPOINT WARNING * * *
Your cerulean imp hits the weeping skull with a -2 spear.
The weeping skull completely misses you.
It was a potion of brilliance.
You feel clever all of a sudden. The mummy hits you!
You die...

###.### ####
##.....## #### .??
#.!.....# #.!! !!?
####.#### ??! #.#
#.# #^# ###°#
###'### #.# #.○'##
##.....## ##''
#Zz###.......###..#
#5@z°○........'...#
#°#MZ.°..⌠....'.#.#
#.○.'○○.......'...#
#°°###°......###..#
''## ##.....## ##''
#.# ##+#'## #.# #.#
#...# ##.# !.?
##.## #.!. #.∩.#
#!..


You could see 2 weeping skulls, a mummy, 2 orc zombies and a friendly cerulean
imp (summoned).

Vanquished Creatures
  Crazy Yiuf (D:3)
  A mummy (Ossuary)
  2 adders
  A dart slug (D:3)
  3 orcs (D:3)
  5 ball pythons
  2 endoplasms
  2 giant cockroaches (D:3)
  A gnoll zombie (Ossuary)
  3 goblins
  A hobgoblin (D:2)
  3 jackals
  A quokka (D:4)
  A bat (D:3)
  2 frilled lizards
  2 kobolds
  3 orc zombies (Ossuary)
  4 rats
38 creatures vanquished.

Vanquished Creatures (collateral kills)
  An ogre (D:3)
  3 mummies
  2 adders
  3 dart slugs
  3 ribbon worms
  2 orcs (D:3)
  3 bats
  2 endoplasms (D:1)
  A giant cockroach (D:1)
  6 goblins
  2 hobgoblins
  5 jackals (D:1)
  A quokka (D:3)
  3 ball pythons
  2 frilled lizards (D:2)
  A gnoll zombie (Ossuary)
  An orc zombie (Ossuary)
  4 rats
45 creatures vanquished.

Grand Total: 83 creatures vanquished

Notes
Turn   | Place    | Note
-------+----------+-------------------------------------------
     0 | D:1      | wildpjah the Merfolk Summoner began the quest for the Orb.
     0 | D:1      | Reached XP level 1. HP: 13/13 MP: 3/3
    24 | D:1      | Reached XP level 2. HP: 17/19 MP: 0/5
   320 | D:1      | Reached XP level 3. HP: 21/24 MP: 4/6
   348 | D:1      | Learned a level 2 spell: Call Imp
  1108 | D:2      | Reached XP level 4. HP: 26/30 MP: 4/7
  1743 | D:2      | Reached skill level 1 in Polearms
  1756 | D:2      | Reached skill level 5 in Summonings
  1974 | D:3      | Found a snail-covered altar of Cheibriados.
  2002 | D:3      | Found a broken altar of Ashenzari.
  2267 | D:3      | Found a runed translucent door.
  2268 | D:3      | Noticed Crazy Yiuf
  2289 | D:3      | Killed Crazy Yiuf
  2290 | D:3      | Reached XP level 5. HP: 36/36 MP: 2/9
  3177 | D:3      | Noticed an ogre
  3190 | D:3      | Killed an ogre
  3191 | D:3      | Reached XP level 6. HP: 42/42 MP: 3/11
  3622 | D:4      | Found a sand-covered staircase.
  3710 | Ossuary  | Entered an ossuary
  4000 | Ossuary  | Slain by a mummy

Illustrated notes

Levels and vault maps discovered:
D:1:      wander_arrival_desolate, layout_basic, minmay_hexomino_u4
D:2:      layout_basic
D:3:      layout_loops_ring, mainiacjoe_overflow_big_doors,
          nicolae_hexahallways, minivault_26, chequers_serial_rivers_large_a,
          grunt_ministairs_6, uniq_crazy_yiuf_cottage
D:4:      layout_basic, mainiacjoe_overflow_paths, gup_ossuary_entry_pyramid,
          nicolae_shop_firing_range
Ossuary:  ossuary_crypta

Skill      XL: |  1  2  3  4  5 |
---------------+----------------+-----
Polearms       | 1 2 |  2.5
Summonings     | 5 |  5.7
Spellcasting   | 3 |  3.6
Dodging        | 3 |  3.3
Fighting       | |  0.5
Stealth        | |  2.7

Action                     |  1- 3 |  4- 6 || total
---------------------------+-------+-------++-------
  Melee: Unarmed           |    28 |       ||    28
         Short sword       |    22 |       ||    22
         Punch             |     1 |     2 ||     3
         Spear             |     3 |   205 ||   208
  Throw: Throwing net      |       |     1 ||     1
         Dart              |       |     1 ||     1
   Cast: Summon Small Mamm |    33 |    52 ||    85
         Call Imp          |     9 |    26 ||    35
  Evoke: Wand              |       |     1 ||     1
    Use: Scroll            |       |    10 ||    10
         Potion            |       |     1 ||     1
   Stab: Sleeping          |     1 |     6 ||     7
         Distracted        |       |     3 ||     3
 Armour: Robe              |    39 |    87 ||   126
  Dodge: Dodged            |    45 |   131 ||   176
